 Dungeon Crawl Stone Soup version 0.21-a0-496-g696f58f (webtiles) character file.

88 slep the Shield-Bearer (level 4, -1/40 HPs)
             Began as a Minotaur Fighter on Nov 24, 2017.
             Slain by a centaur (5 damage)
             ... on level 3 of the Dungeon.
             The game lasted 00:03:51 (1136 turns).

slep the Shield-Bearer (Minotaur Fighter)           Turns: 1136, Time: 00:03:52

Health: -1/40      AC:  8    Str: 21    XL:     4   Next: 30%
Magic:  3/3        EV:  7    Int:  5    God:
Gold:   158        SH:  9    Dex: 10    Spells: 3/3 levels left

rFire    . . .     SeeInvis .   a - +0 long sword
rCold    . . .     Gourm    .   c - +0 shield
rNeg     . . .     Faith    .   b - +0 scale mail
rPois    .         Spirit   .   (helmet restricted)
rElec    .         Reflect  .   (no cloak)
rCorr    .         Harm     .   e - +0 pair of gloves
MR       .....                  (no boots)
Stlth    ..........             (no amulet)
HPRegen  0.13/turn              (no ring)
MPRegen  0.08/turn              (no ring)

@: no status effects
A: retaliatory headbutt, horns 2
a: no special abilities


You were on level 3 of the Dungeon.
You were hungry.

You visited 1 branch of the dungeon, and saw 3 of its levels.

You collected 158 gold pieces.

Inventory:

Hand Weapons
 a - a +0 long sword (weapon)
 g - a cursed -2 dagger
 p - a cursed -1 dagger
Missiles
 k - 13 poisoned needles
Armour
 b - a +0 scale mail (worn)
 c - a +0 shield (worn)
 e - a +0 pair of gloves (worn)
Scrolls
 h - 3 scrolls of fog {unknown}
 i - a scroll of enchant weapon {unknown}
 j - 5 scrolls of identify {unknown}
 m - a scroll of magic mapping {unknown}
 o - a scroll of fear {unknown}
Potions
 d - 2 potions of might
 l - a potion of heal wounds {unknown}
 q - a potion of degeneration {unknown}
Comestibles
 f - 4 bread rations
 n - a meat ration


   Skills:
 + Level 4.1 Fighting
 + Level 3.7 Long Blades
 + Level 4.2 Armour
 + Level 4.6 Shields


You had 3 spell levels left.
You didn't know any spells.

Dungeon Overview and Level Annotations

Branches:
Dungeon (3/15)

Altars:


Innate Abilities, Weirdness & Mutations

You reflexively headbutt those who attack you in melee.
You have a pair of horns on your head.


Message History

The centaur is lightly wounded.
You block the centaur's attack. The centaur hits you.
You hit the centaur but do no damage.
The centaur is lightly wounded.
The centaur hits you but does no damage.
The centaur hits you!
You slash the centaur!
The centaur is heavily wounded.
The centaur hits you but does no damage.
The centaur barely misses you.
You hit the centaur. You headbutt the centaur.
The centaur is heavily wounded.
The centaur hits you.
* * * LOW HITPOINT WARNING * * *
The centaur hits you!
* * * LOW HITPOINT WARNING * * *
You completely miss the centaur.
The centaur is heavily wounded.
The centaur hits you.
You die...

# #.
.######
.....
#..#
#<.#
#(.#
#@.#
#)c#
...#
#...$
#.....
#(#####
#. #.


You could see a centaur.

Vanquished Creatures
  3 gnolls (D:2)
  2 adders (D:2)
  A worm (D:2)
  2 dart slugs (D:2)
  A leopard gecko (D:1)
  4 giant cockroaches
  3 hobgoblins
  A jackal (D:1)
  A ball python (D:1)
  6 bats
  3 frilled lizards
  5 goblins
  2 kobolds
  4 rats
38 creatures vanquished.

Notes
Turn   | Place    | Note
-------+----------+-------------------------------------------
     0 | D:1      | slep the Minotaur Fighter began the quest for the Orb.
     0 | D:1      | Reached XP level 1. HP: 19/19 MP: 0/0
    89 | D:1      | Reached XP level 2. HP: 26/27 MP: 1/1
   569 | D:2      | Reached XP level 3. HP: 13/33 MP: 2/2
   806 | D:2      | Reached XP level 4. HP: 12/40 MP: 3/3
  1126 | D:3      | Noticed a centaur
  1136 | D:3      | Slain by a centaur

Vault maps used:
D:1:      minmay_arrival_four_circles
D:2:      first_bread
D:3:      bloody_trog

Skill      XL: |  1  2  3 |
---------------+----------+-----
Fighting       | 4 |  4.1
Armour         | 4 |  4.2
Long Blades    | 3 |  3.7
Shields        | 4 |  4.6

Action                   |  1- 3 |  4- 6 || total
-------------------------+-------+-------++-------
Melee: Long sword        |    79 |    14 ||    93
       Headbutt          |    11 |     3 ||    14
Armor: Scale mail        |    29 |     4 ||    33
Dodge: Dodged            |    21 |     6 ||    27
Block: Shield            |    36 |     6 ||    42
       Rpst.: Long sword |     7 |     2 ||     9

Table legend:
 A = Spawn XP
 B = Non-spawn XP
 C = Spawn XP percentage of total XP
 D = Spawn monster count
 E = Non-spawn monster count
 F = Spawn count percentage of total count
 G = Total turns spent on level
                    A         B        C        D         E        F      G
               +---------+---------+-------+---------+---------+-------+---------
         Total |       0 |     127 |   0.0 |       0 |      38 |   0.0 |  1136
               +---------+---------+-------+---------+---------+-------+---------
           D:1 |       0 |      21 |   0.0 |       0 |      14 |   0.0 |   385
           D:2 |       0 |     103 |   0.0 |       0 |      22 |   0.0 |   741
           D:3 |       0 |       3 |   0.0 |       0 |       2 |   0.0 |    10
               +---------+---------+-------+---------+---------+-------+---------
